 Dungeon Crawl Stone Soup version 0.29-a0-962-gc8bbfd0a37 (webtiles) character file.

Game seed: 4783949067801329581

7 mcwallace the Caller (level 2, 0/16 HPs)
             Began as a Tengu Summoner on July 31, 2022.
             Frozen to death by an endoplasm (5 damage)
             ... on level 1 of the Dungeon.
             The game lasted 00:00:52 (366 turns).

mcwallace the Caller (Tengu Summoner)                Turns: 366, Time: 00:00:52

Health: 0/16       AC:  2    Str:  8    XL:     2   Next: 0%
Magic:  4/6        EV: 12    Int: 15    God:
Gold:   20         SH:  0    Dex: 14    Spells: 4/5 levels left

rFire   . . .      SeeInvis .   f - +0 short sword {short}
rCold   . . .      Faith    .   (no shield)
rNeg    . . .      Spirit   .   a - +0 robe
rPois   .          Reflect  .   (helmet restricted)
rElec   .          Harm     .   (no cloak)
rCorr   .          Rampage  .   (no gloves)
Will    .....                   (boots unavailable)
Stlth   ++........              (no amulet)
HPRegen 0.05/turn               (no ring)
MPRegen 0.10/turn               (no ring)

@: no status effects
A: beak, talons 3
a: no special abilities


You were on level 1 of the Dungeon.
You visited 1 branch of the dungeon, and saw 1 of its levels.

You collected 20 gold pieces.


Innate Abilities, Weirdness & Mutations

You have a beak for a mouth.
You have claws for feet.


   Skills:
 + Level 0.4 Fighting
 + Level 2.3 Dodging
 + Level 2.1 Stealth
 + Level 2.1 Spellcasting
 + Level 4.9 Summonings


You had 4 spell levels left.
You knew the following spells:

 Your Spells              Type           Power      Damage    Failure   Level
a - Summon Small Mammal   Summ           64%        N/A       3%          1

Your spell library contained the following spells:

 Spells                   Type           Power      Damage    Failure   Level
 Call Imp                 Summ           16%        N/A       4%          2
 Call Canine Familiar     Summ           16%        N/A       9%          3
 Summon Guardian Golem    Hex/Summ       8%         N/A       24%         3
 Summon Lightning Spire   Summ/Air       8%         N/A       63%         4

Inventory:

Hand Weapons
 f - a +0 short sword (weapon) {short}
   (You took it off a kobold on level 1 of the Dungeon)
Missiles
 d - 8 stones {throwing}
Armour
 a - a +0 robe (worn)
 c - a +0 robe
   (You found it on level 1 of the Dungeon)
Scrolls
 e - a scroll of enchant weapon {unknown}
Potions
 b - a potion of magic

Dungeon Overview and Level Annotations

Branches:
Dungeon (1/15) Zot: 5632

Altars:

#.########.# #.
#.##.## #.# #.
#.##..# #.# #.
##.###.#######.#
##
#..............#
#..###.#######.#
#..# #.# #.# #wJ#
#.# #.# #
#r@###.######... .
#b............## #
...$...###.#######
######## #.# #.#
#.# #.. ###


You could see a dart slug (ally target), an endoplasm, a friendly quokka
(summoned) and a friendly bat (summoned).


Message History

😎 HP[+2] MP[+1]
Your hp is fully restored (10).
Your mp is fully restored (4).
A bat is nearby!
Casting: Summon Small Mammal (safe; 3% risk of failure)
Press: ? - help, Q - select action, (/) - cycle Dir - look around, f - activate 😎 MP[-1]
You lost 1 mp, and now have 3/4 mp.
Casting: Summon Small Mammal (safe; 3% risk of failure)
Press: ? - help, Q - select action, (/) - cycle Dir - look around, f - activate 😎 MP[-1]
You lost 1 mp, and now have 2/4 mp.
What are your orders? t - Shout!
Orders for allies: a - Attack new target. r - Retreat! s - Stop attacking. g - Guard the area. f - Follow me.
Anything else - Cancel.
Gang up on whom?
Press: ? - help, Dir - move target, f - bat
Aim: a bat (asleep, ally target) Attack!
The bat hits you. 😕 HP[-1]
You take 1 damage, and now have 9/10 hp.
You hit the bat. Your kick misses the bat. Your punch misses the bat.
The bat closely misses you. The bat misses you. The bat barely misses you.
You barely miss the bat. Your kick misses the bat. The bat misses you.
The bat hits you. 😕 HP[-1]
You take 1 damage, and now have 8/10 hp.
You closely miss the bat. The bat hits you.
The bat hits you but does no damage. 😮 HP[-1]
You take 1 damage, and now have 7/10 hp.
You are too injured to fight recklessly!
You are too injured to fight recklessly!
You are too injured to fight recklessly!
You are too injured to fight recklessly!
A bat is nearby!
Unknown command.
You are too injured to fight recklessly!
You are too injured to fight recklessly!
A bat is nearby!
You are too injured to fight recklessly!
You are too injured to fight recklessly!
The bat closely misses you.
You hit the bat but do no damage. The bat barely misses you. 😮 MP[+1]
The bat attacks as you move away! The bat misses you.
The bat hits you. 😮 HP[-1]
You take 1 damage, and now have 6/10 hp.
You hit the bat. The bat hits you.
* * * LOW HITPOINT WARNING * * *
The bat closely misses you.
The bat hits you but does no damage. 😨 HP[-1]
You take 1 damage, and now have 5/10 hp.
You hit the bat.
You kill the bat!
You have reached level 2! 😨 HP[+3] MP[+1]
You now have 16 max hp (+6).
You regained 3 hp, and now have 8/16 hp.
Your rat disappears in a puff of smoke!
Your quokka disappears in a puff of smoke!
Key pressed, stopping explore.
Key pressed, stopping explore.
A dart slug comes into view. 😎 HP[+8] MP[+2]
Your hp is fully restored (16).
Your mp is fully restored (6).
A dart slug is nearby!
A dart slug is nearby!
A dart slug is nearby!
An endoplasm comes into view.
The endoplasm quivers.
The endoplasm hits you but does no damage.
You hit the dart slug. You claw the dart slug.
You peck the dart slug, but do no damage.
The endoplasm freezes you.
You are frozen. 😮 HP[-4]
You take 4 damage, and now have 12/16 hp.
MASSIVE DAMAGE!! (PAUSE)
Casting: Summon Small Mammal (safe; 3% risk of failure)
Press: ? - help, Q - select action, (/) - cycle Dir - look around, f - activate The dart slug launches a dart at you.
The slug dart hits you. The endoplasm freezes you.
You are frozen.
* * * LOW HITPOINT WARNING * * *
😨 HP[-7] MP[-1]
You take 7 damage, and now have 5/16 hp.
MASSIVE DAMAGE!! (PAUSE)
You lost 1 mp, and now have 5/6 mp.
Casting: Summon Small Mammal (safe; 3% risk of failure)
Press: ? - help, Q - select action, (/) - cycle Dir - look around, f - activate The endoplasm freezes you.
You are frozen.
You die...

Action                   || total
-------------------------++-------
Melee: Unarmed           ||    12
       Short sword       ||     7
       Kick              ||     3
       Peck              ||     3
       Punch             ||     1
 Cast: Summon Small Mamm ||    13
 Stab: Sleeping          ||     2
       Distracted        ||     1
Armor: Robe              ||     5
Dodge: Dodged            ||    12

Levels and vault maps discovered:
D:1:      evilmike_arrival_plus, layout_loops_ring,
          shapermc_ecumenical_altar_petra

Notes
Turn   | Place    | Note
-------+----------+-------------------------------------------
     0 | D:1      | mcwallace the Tengu Summoner began the quest for the Orb.
     0 | D:1      | Reached XP level 1. HP: 10/10 MP: 4/4
     0 | D:1      | magus.rc [v1.9.6]
   217 | D:1      | Reached XP level 2. HP: 8/16 MP: 4/6
   366 | D:1      | Frozen to death by an endoplasm

Vanquished Creatures
  A bat (D:1)
  A kobold (D:1)
  2 frilled lizards (D:1)
  A rat (D:1)
5 creatures vanquished.

Vanquished Creatures (collateral kills)
  A quokka (D:1)
  A ball python (D:1)
2 creatures vanquished.

Grand Total: 7 creatures vanquished

Table legend:
 A = Non-vault XP
 B = Vault XP
 C = Vault XP percentage of total XP
 D = Non-vault monster count
 E = Vault monster count
 F = Vault count percentage of total count
                 A         B        C        D         E       F
            +---------+---------+-------+---------+---------+-------
      Total |      10 |       0 |   0.0 |       7 |       0 |   0.0
            +---------+---------+-------+---------+---------+-------
        D:1 |      10 |       0 |   0.0 |       7 |       0 |   0.0
            +---------+---------+-------+---------+---------+-------

Illustrated notes

Table legend:
 A = Kills in this place as a percentage of kills in entire the game.
 B = Kills by you in this place as a percentage of kills by you in the entire game.
 C = Kills by friends in this place as a percentage of kills by friends in the entire game.
 D = Other kills in this place as a percentage of other kills in the entire game.
 E = Experience gained in this place as a percentage of experience gained in the entire game.
 F = Experience gained in this place divided by the number of levels of this place that you have seen.
                   A       B       C       D       E      F
               +-------+-------+-------+-------+-------+----------------------
         Total | 100.0 | 100.0 | 100.0 |   N/A | 100.0 |  10.0
       Dungeon | 100.0 | 100.0 | 100.0 |   N/A | 100.0 |  10.0
               +-------+-------+-------+-------+-------+----------------------

Table legend: (Time is in decaauts)
 A = Elapsed time spent in this place.
 B = Non-inter-level travel time spent in this place.
 C = Inter-level travel time spent in this place.
 D = Time resting spent in this place.
 E = Time spent auto-exploring this place.
 F = Levels seen in this place.
 G = Mean time per level.
                   A        B        C        D        E       F      G
               +--------+--------+--------+--------+--------+-----+--------+
         Total |    366 |    366 |      0 |      0 |    295 |   1 |  366.0 |
       Dungeon |    366 |    366 |      0 |      0 |    295 |   1 |  366.0 |
               +--------+--------+--------+--------+--------+-----+--------+

Top non-repeatable levels by time:
     D:1: 366 daAuts
